 Dungeon Crawl Stone Soup version 0.31-a0-765-g67fe2935dc (webtiles) character file.

Game seed: 18271156130296361576

262 Aneyh the Chopper (level 6, -10/37 HPs)
             Began as a Tengu Monk on Sept 15, 2023.
             Mangled by Menkaure (17 damage)
             ... on level 4 of the Dungeon.
             The game lasted 00:05:57 (2819 turns).

Aneyh the Chopper (Tengu Monk)                      Turns: 2819, Time: 00:05:57

Health: -10/37     AC:  3    Str: 14    XL:     6   Next: 18%
Magic:  7/7        EV: 19    Int: 10    God:
Gold:   272        SH:  5    Dex: 16    Spells: 5/5 levels left

rFire   . . .        b - +0 executioner's axe
rCold   . . .        (shield currently unavailable)
rNeg    + . .        y - +0 robe
rPois   .            (helmet restricted)
rElec   .            A - +0 cloak
rCorr   .            (no gloves)
SInv    .            (boots unavailable)
Will    .....        t - amulet of reflection
Stlth   +            k - +5 ring of evasion
HPRegen 0.26/turn    j - ring of positive energy
MPRegen 0.10/turn

%: reflection, acrobat
@: no status effects
A: beak, talons 3, acrobatic
a: no special abilities


You were on level 4 of the Dungeon.
You visited 1 branch of the dungeon, and saw 4 of its levels.

You collected 272 gold pieces.

Inventory:

Hand Weapons
 a - a +0 hand axe
 b - a +0 executioner's axe (weapon)
 u - a +1 short sword of draining
Missiles
 p - 3 javelins (quivered)
Armour
 d - an orb of light
 g - a +0 ring mail
 y - a +0 robe (worn)
 A - a +0 cloak (worn)
 B - a +0 cloak
Jewellery
 f - a ring of magical power
 j - a ring of positive energy (right hand)
 k - a +5 ring of evasion (left hand)
 r - a ring of fire
 s - a ring of positive energy
 t - an amulet of reflection (around neck)
Wands
 z - a wand of polymorph (9)
Scrolls
 h - a scroll of teleportation {unknown}
 i - 2 scrolls of enchant weapon {unknown}
 l - 5 scrolls of identify {unknown}
 m - a scroll of fog {unknown}
 n - 2 scrolls of revelation {unknown}
 o - a scroll of blinking {unknown}
 q - a scroll of fear {unknown}
 x - 2 scrolls of poison {unknown}
Potions
 e - 2 potions of curing {unknown}
 v - 3 potions of haste {unknown}
 w - a potion of degeneration {unknown}


   Skills:
 - Level 3.0 Fighting
 * Level 6.3 Axes
 - Level 5.0 Dodging


You had 5 spell levels left.
You didn't know any spells.
Your spell library contained the following spells:

 Spells                   Type           Power      Damage    Failure   Level
 Ensorcelled Hibernation  Hex/Ice        0%         N/A       50%         2
 Passwall                 Tmut/Erth      0%         N/A       50%         2
 Inner Flame              Hex/Fire       0%         N/A       75%         3
 Swiftness                Air            0%         N/A       75%         3
 Flame Wave               Conj/Fire      0%         2d4       98%         4
 Sticky Flame             Conj/Fire      0%         2d3       98%         4
 Iskenderun's Battlesphe  Conj           0%         2d6       100%        5
 Leda's Unmaking          Conj/Erth      0%         9d1       100%        6
 Spellforged Servitor     Conj/Summ      0%         N/A       100%        7


Dungeon Overview and Level Annotations

Branches:
Dungeon (4/15)
 Temple: D:4-7

Altars:
Nemelex Xobeh
Qazlal

Shops:
D:3 (

Annotations:
D:4 Menkaure


Innate Abilities, Weirdness & Mutations

You have a beak for a mouth.
You have claws for feet.
You can magically evade attacks while moving or waiting.


Message History

You slash Natasha!
You kill Natasha!
Natasha growls in agony!
Menkaure hits you!!
* * * LOW HITPOINT WARNING * * *
You bump into the rock wall.
Menkaure closely misses you.
You feel less invigorated.
You feel less confused.
You hit Menkaure. You claw Menkaure, but do no damage.
Your peck misses Menkaure.
Menkaure is lightly damaged.
Menkaure closely misses you. You block Menkaure's attack.
You completely miss Menkaure.
Menkaure is lightly damaged.
You slash the dart slug! Menkaure misses you. You block the dart slug's attack.
You block Menkaure's attack.
You hit Menkaure. You claw Menkaure.
Menkaure is moderately damaged.
You hit the dart slug.
You kill the dart slug!
Menkaure misses you. Menkaure closely misses you.
You hit Menkaure.
Menkaure is heavily damaged.
Menkaure closely misses you.
Menkaure calls on the powers of darkness!
Your body is wracked with pain!
You slash Menkaure! You claw Menkaure, but do no damage.
Menkaure is almost destroyed.
Menkaure sighs in an indecipherable tongue.
Menkaure calls on the powers of darkness!
Your body is wracked with pain!
* * * LOW HITPOINT WARNING * * *
Menkaure calls on the powers of darkness!
Your body is wracked with pain!
* * * LOW HITPOINT WARNING * * *
You closely miss Menkaure. Your peck misses Menkaure.
Menkaure is almost destroyed.
Menkaure points at you and mumbles some strange words.
You barely resist. Menkaure hits you!
You die...

###.....####.###.##.#.#
....###......)........
#.#.....##.###.##.#.#.
# #.#.###.............#
.. #.#.#
#.##.#.##.#.#.#.#
..#.....##...$....#...#
###........#.#.)....#
#.#...
.##$#......#.#...
...... #...#.†@.....#
#.#.. #.#.#.#M##.#.## #
# . #.)..†....... #
#.#.##.###.## # ......
... ... # #.#.##. ##.#
## ... #.#. .# .# ### .
. .. ? ###. . . ## ##


You could see Menkaure (fast).

Vanquished Creatures
  An orc priest (D:4)
  Ijyb (D:3)
  Natasha (D:4)
  Terence (D:2)
  6 adders
  3 worms
  4 dart slugs
  2 orcs (D:4)
  7 bats
  8 endoplasms
  6 giant cockroaches
  6 goblins
  8 hobgoblins
  5 jackals (D:2)
  6 quokkas
  4 ball pythons
  2 frilled lizards (D:2)
  12 kobolds
  5 rats
88 creatures vanquished.

Notes
Turn   | Place    | Note
-------+----------+-------------------------------------------
     0 | D:1      | Aneyh the Tengu Monk began the quest for the Orb.
     0 | D:1      | Reached XP level 1. HP: 14/14 MP: 2/2
   264 | D:1      | Reached XP level 2. HP: 19/19 MP: 3/3
   542 | D:1      | Found a faded altar of an unknown god.
   577 | D:1      | Reached skill level 4 in Axes
   630 | D:1      | Reached XP level 3. HP: 23/23 MP: 4/4
  1168 | D:2      | Reached XP level 4. HP: 12/28 MP: 5/5
  1468 | D:2      | Noticed Terence
  1484 | D:2      | Killed Terence
  1485 | D:2      | Reached skill level 5 in Axes
  1747 | D:2      | Reached XP level 5. HP: 30/32 MP: 6/6
  2123 | D:3      | Noticed Ijyb
  2177 | D:3      | Killed Ijyb
  2316 | D:3      | Found Viulat's Antique Weapon Emporium.
  2563 | D:3      | Found a sparkling altar of Nemelex Xobeh.
  2704 | D:4      | Reached skill level 5 in Dodging
  2718 | D:4      | Reached skill level 6 in Axes
  2745 | D:4      | Reached XP level 6. HP: 37/37 MP: 7/7
  2748 | D:4      | Found a stormy altar of Qazlal.
  2803 | D:4      | Noticed Natasha
  2805 | D:4      | Noticed Menkaure
  2811 | D:4      | Killed Natasha
  2819 | D:4      | Mangled by Menkaure

Illustrated notes

Levels and vault maps discovered:
D:1:      minmay_arrival_stone_box, layout_loops_corners,
          ebering_ecumenical_altar_webs
D:2:      layout_basic, minmay_misc_feat_more_columns, minmay_divided_ellipse,
          uniq_terence
D:3:      layout_basic, nemelex_diamond_rough_becter, serial_shops, shop_coins,
          uniq_ijyb
D:4:      layout_basic, nicolae_overflow_crystal_walls, st_stairs_6,
          minmay_diced_spiral, uniq_natasha, uniq_edmund, uniq_menkaure,
          uniq_crazy_yiuf_cottage

Skill      XL: |  1  2  3  4  5 |
---------------+----------------+-----
Axes           | 4 5 6 |  6.3
Dodging        | 4 5 |  5.0
Fighting       | |  3.0

Action                     |  1- 3 |  4- 6 || total
---------------------------+-------+-------++-------
  Melee: Hand axe          |    76 |   145 ||   221
         Kick              |    15 |    34 ||    49
         Peck              |    12 |    21 ||    33
         Punch             |       |     3 ||     3
         Unarmed           |       |     5 ||     5
         Executioner's axe |       |    22 ||    22
    Use: Potion            |       |     3 ||     3
   Stab: Sleeping          |     2 |     3 ||     5
 Armour: Robe              |    22 |    41 ||    63
         Skin              |       |    22 ||    22
  Dodge: Dodged            |    65 |   138 ||   203
  Block: Other             |       |     3 ||     3

Table legend: (Time is in decaauts)
 A = Elapsed time spent in this place.
 B = Non-inter-level travel time spent in this place.
 C = Inter-level travel time spent in this place.
 D = Time resting spent in this place.
 E = Time spent auto-exploring this place.
 F = Levels seen in this place.
 G = Mean time per level.
                   A        B        C        D        E       F      G
               +--------+--------+--------+--------+--------+-----+--------+
         Total |   2840 |   2785 |     55 |    287 |   1875 |   4 |  710.0 |
       Dungeon |   2840 |   2785 |     55 |    287 |   1875 |   4 |  710.0 |
               +--------+--------+--------+--------+--------+-----+--------+

Top non-repeatable levels by time:
     D:2: 1148 daAuts
     D:1: 971 daAuts
     D:3: 584 daAuts
     D:4: 136 daAuts
